AoeStats
← wow_oh_03

Arabia

509514537Analyzed
1v1 RM · 6d ago on Sep 27, 2026· 36m 20s· 2 players
Game mode
Random Map
Map size
Tiny (2 player)
Population
200
Speed
Normal
Resources
Standard
Victory
Conquest
Starting age
Dark Age
Ending age
Imperial Age
RankedLock teamsTeams togetherTeam positionsShared explorationLock speedFull tech treeHidden civsTurbo modeCheats
Victory
Defeat
🇺🇸 Danes · United States
933
+16
🇹🇼 Danes · Taiwan
925
-16
wow_oh_03
5:43 Loom
11:25 Feudal Age
16:50 Double-Bit Axe
20:04 Castle Age
17:57 Horse Collar
21:58 Bow Saw
23:46 Wheelbarrow
25:23 Fletching
31:26 Scale Mail Armor
33:31 Chain Mail Armor
chicken hatter
6:22 Loom
9:15 Feudal Age
10:17 Horse Collar
12:06 Double-Bit Axe
12:27 Man-at-Arms
20:04 Castle Age
20:00 Scale Mail Armor
20:12 Forging
20:35 Arson
20:54 Squires
20:39 Gambesons
21:31 Bow Saw
26:05 Fletching
33:23 Chain Mail Armor
33:43 Iron Casting
35:21 Heavy Plow
35:15 Gold Mining
Connection lost

Rejoining the realm…

Still unreachable

The connection could not be restored.

Session expired

The server has moved on; the page needs a fresh start.